 Dungeon Crawl Stone Soup version 0.26.1-12-g5ba1501909 (webtiles) character file.

Game seed: 10775162271713617019

3068 Zeld the Covert (level 9, -1/63 HPs)
             Began as an Octopode Brigand on Oct 28, 2021.
             Was a Follower of Fedhas.
             Slain by a green ugly thing (14 damage)
             ... on level 2 of the Abyss.
             The game lasted 00:13:40 (12099 turns).

Zeld the Covert (Octopode Brigand)                 Turns: 12099, Time: 00:13:41

Health: -1/63      AC:  1    Str: 11    XL:     9   Next: 88%
Magic:  11/11      EV: 15    Int: 13    God:    Fedhas [*.....]
Gold:   384        SH:  8    Dex: 16    Spells: 8/8 levels left

rFire    . . .     SeeInvis .   a - +0 dagger (venom)
rCold    . . .     Faith    .   s - +3 buckler
rNeg     . . .     Spirit   .   (helmet restricted)
rPois    +         Reflect  .   (no amulet)
rElec    .         Harm     .   q - ring of poison resistance
rCorr    +         Rampage  .   w - ring of resist corrosion
Will     .....                  (no ring)
Stlth    +++++.....             (no ring)
HPRegen  0.20/turn              (no ring)
MPRegen  0.12/turn              (no ring)
                                (no ring)
                                (no ring)

@: no status effects
A: almost no armour, stealthy swim, amphibious, 8 rings, constrict 8, camouflage
1, gelatinous body 1
a: Renounce Religion


You were on level 2 of the Abyss.
You worshipped Fedhas.
Fedhas was aware of your devotion.
You visited 2 branches of the dungeon, and saw 10 of its levels.
You visited the Abyss 2 times.

You collected 604 gold pieces.
You spent 220 gold pieces at shops.

Inventory:

Hand Weapons
 a - a +0 dagger of venom (weapon)
 b - a +2 dagger
Missiles
 c - 2 curare-tipped darts
 o - 15 poisoned darts (quivered)
 y - 2 atropa-tipped darts
Armour
 s - a +3 buckler (worn)
Jewellery
 q - a ring of poison resistance (left tentacle)
 w - a ring of resist corrosion (right tentacle)
Wands
 i - a wand of polymorph (3)
 z - a wand of paralysis (11)
 A - a wand of acid (7)
Scrolls
 d - 5 scrolls of remove curse
 g - a scroll of blinking
 l - 2 scrolls of amnesia
 m - a scroll of enchant weapon {unknown}
 r - 4 scrolls of teleportation
 t - 2 scrolls of identify
 u - a scroll of fear {unknown}
 v - 3 scrolls of magic mapping {unknown}
Potions
 e - 5 potions of might {unknown}
 f - a potion of attraction {unknown}
 h - 2 potions of curing {unknown}
 j - a potion of brilliance {unknown}
 k - 2 potions of berserk rage {unknown}
 n - 2 potions of flight {unknown}
 p - 3 potions of heal wounds {unknown}
 x - 2 potions of mutation {unknown}
 B - a potion of haste {unknown}


   Skills:
 * Level 6.8 Fighting
 * Level 6.7 Short Blades
 - Level 6.0 Throwing
 + Level 4.4 Dodging
 + Level 8.4 Stealth
 + Level 3.5 Shields
 * Level 2.8 Invocations


You had 8 spell levels left.
You didn't know any spells.
Your spell library contained the following spells:

 Spells                   Type           Power        Failure   Level
 Summon Small Mammal      Summ           0%           32%         1
 Call Imp                 Summ           0%           43%         2
 Call Canine Familiar     Summ           0%           67%         3
 Summon Guardian Golem    Hex/Summ       0%           67%         3
 Summon Ice Beast         Ice/Summ       0%           97%         4
 Summon Lightning Spire   Summ/Air       0%           97%         4


Dungeon Overview and Level Annotations

Branches:
Dungeon (9/15)             Temple (1/1) D:7
   Lair: D:8-11         Orc: D:9-12

Altars:
Ashenzari
Cheibriados
Dithmenos
Elyvilon
Fedhas
Gozag
Hepliaklqana
Kikubaaqudgha
Makhleb
Nemelex Xobeh
Qazlal
Ru
Trog
Uskayaw
Vehumet
Wu Jian
Xom
Yredelemnul
Zin

Shops:
D:5 =

Annotations:
D:9 Erolcha


Innate Abilities, Weirdness & Mutations

You cannot wear most types of armour.
You are very stealthy in the water. (Stealth+)
You are amphibious.
You can wear up to eight rings at the same time.
You can use your tentacles to constrict eight enemies at once.
Your skin changes colour to match your surroundings (Stealth+).
Your rubbery body absorbs attacks. (AC +1, EV +1)


Message History

You block the ynoxinul's attack.
A green very ugly thing comes into view.
The ynoxinul gestures at you. The iron shot hits you!!
The ynoxinul gestures.
A green ugly thing comes into view.
The ufetubus closely misses you. The ufetubus hits you.
The green very ugly thing gurgles horribly!
You hear a horrible gurgling sound!
A green very ugly thing comes into view.
The green very ugly thing stings you!!
* * * LOW HITPOINT WARNING * * *
The ynoxinul gestures.
You block the ufetubus's attack.
The ufetubus hits you but does no damage.
The green very ugly thing gurgles horribly!
A spatial vortex comes into view.
The green ugly thing headbutts you!
You die...
Fedhas appreciates your contribution to the ecosystem.

.....#..........#...#....
..
...............#.......#
........................
###..............#.#....[.
...............#.#. ...
......##....#..........#
..#.........5.........#
.............5#....... .
.......@##..3#.... .....
......#uu5##.#.3........
.......:5.##.#.5.#......
........u###.#..........
v.............. ..##.###
........u.........# #
##......u..........
#.....#............#
#..........u ......#


You could see 4 very ugly things, a green ugly thing, a spatial vortex
(wandering) and 4 ufetubi.

Vanquished Creatures
  Sigmund (D:2)
  A wyvern (D:8)
  A soldier ant (D:8)
  An ice beast (D:7)
  2 orc warriors (D:8)
  A sky beast (D:8)
  2 necrophages
  4 ogres
  2 centaurs
  A big kobold (D:6)
  2 bullfrogs
  3 centaur skeletons
  6 hounds
  2 jellies
  8 orc priests
  9 orc wizards
  3 bullfrog skeletons
  An iron imp (Abyss:2)
  Jessica (D:2)
  Terence (D:2)
  An iguana (D:3)
  3 worker ants
  2 hound zombies
  9 gnolls
  7 adders
  A shadow imp (D:8)
  2 white imps
  2 ufetubi
  An ooze (D:5)
  2 adder skeletons
  2 worms
  2 dart slugs
  8 leopard geckos
  26 orcs
  2 giant cockroaches
  4 goblins
  8 hobgoblins
  3 jackals (D:1)
  10 kobolds
  2 quokkas
  2 ball pythons
  A ball python zombie (D:5)
  5 bats
  6 frilled lizards
  A giant cockroach zombie (D:5)
  A jackal skeleton (D:5)
  A leopard gecko zombie (D:6)
  10 rats
176 creatures vanquished.

Vanquished Creatures (others)
  A plant (D:9)
1 creature vanquished.

Grand Total: 177 creatures vanquished

Notes
Turn   | Place    | Note
-------+----------+-------------------------------------------
     0 | D:1      | Zeld the Octopode Brigand began the quest for the Orb.
     0 | D:1      | Reached XP level 1. HP: 14/14 MP: 1/1
   219 | D:1      | Reached XP level 2. HP: 13/19 MP: 2/2
   605 | D:1      | Reached XP level 3. HP: 4/25 MP: 3/3
  1444 | D:2      | Noticed Terence
  1451 | D:2      | Killed Terence
  1452 | D:2      | Reached XP level 4. HP: 30/30 MP: 4/4
  1622 | D:2      | Noticed Jessica
  1630 | D:2      | Killed Jessica
  1708 | D:2      | Noticed Sigmund
  2504 | D:2      | Killed Sigmund
  2505 | D:2      | Reached skill level 6 in Stealth
  2505 | D:2      | Reached XP level 5. HP: 36/36 MP: 5/5
  2505 | D:2      | Reached XP level 6. HP: 42/42 MP: 6/6
  3933 | D:3      | Found a bloodstained altar of Trog.
  3978 | D:3      | Reached XP level 7. HP: 48/48 MP: 7/7
  4928 | D:5      | Entered Level 5 of the Dungeon
  5092 | D:5      | Found Kexidal's Jewellery Emporium.
  6092 | D:5      | Reached skill level 1 in Shields
  6508 | D:6      | Found an ornate altar of the Wu Jian Council.
  6508 | D:6      | Found a hide-covered altar of Uskayaw.
  6508 | D:6      | Found a sparkling altar of Nemelex Xobeh.
  6509 | D:6      | Found an ancient bone altar of Kikubaaqudgha.
  6521 | D:6      | Reached XP level 8. HP: 54/54 MP: 8/8
  6546 | D:5      | Bought an uncursed ring of poison resistance for 220 gold
                  | pieces
  6775 | D:6      | Found an opulent altar of Gozag.
  6868 | D:6      | Reached skill level 5 in Fighting
  7008 | D:6      | Reached skill level 5 in Short Blades
  7008 | D:6      | Reached skill level 5 in Throwing
  7008 | D:6      | Reached skill level 7 in Stealth
  8176 | D:7      | Found a staircase to the Ecumenical Temple.
  8206 | Temple   | Entered the Ecumenical Temple
  8251 | Temple   | Became a worshipper of Fedhas Madash
  8367 | D:7      | Reached XP level 9. HP: 62/62 MP: 9/9
  9398 | D:8      | Reached skill level 8 in Stealth
  9595 | D:8      | Reached skill level 1 in Invocations
  9808 | D:8      | Found a sacrificial altar of Ru.
 10103 | D:8      | Found a burning altar of Makhleb.
 10105 | D:8      | Found a glowing silver altar of Zin.
 10105 | D:8      | Noticed an angel
 10105 | D:8      | Noticed a blizzard demon
 10137 | D:8      | Reached * piety under Fedhas
 10878 | D:9      | Found a snail-covered altar of Cheibriados.
 10891 | D:9      | Noticed Erolcha
 10891 | D:9      | Cast into level 2 of the Abyss (Erolcha)
 10904 | Abyss:2  | Noticed a wretched star
 10958 | Abyss:2  | Found a blossoming altar of Fedhas.
 10968 | Abyss:2  | Noticed an ancient zyme
 10983 | Abyss:2  | Noticed a starcursed mass
 10986 | Abyss:2  | Noticed a thrashing horror
 11032 | Abyss:2  | Noticed a rakshasa
 11047 | Abyss:2  | Noticed an ancient zyme
 11050 | Abyss:2  | Noticed an ancient zyme
 11065 | D:9      | Escaped the Abyss
 11490 | D:9      | Cast into level 2 of the Abyss (Erolcha)
 11552 | Abyss:2  | Noticed an ancient zyme
 11872 | Abyss:2  | Noticed a smoke demon
 11902 | Abyss:2  | Noticed an eidolon
 11921 | Abyss:2  | Noticed an ice devil
 11921 | Abyss:2  | Noticed an ancient zyme
 11972 | Abyss:2  | Noticed a smoke demon
 12005 | Abyss:2  | Noticed a large abomination
 12005 | Abyss:2  | Noticed an apocalypse crab
 12041 | Abyss:2  | Found a shimmering altar of Xom.
 12087 | Abyss:2  | Noticed a green very ugly thing
 12089 | Abyss:2  | Noticed a green very ugly thing
 12089 | Abyss:2  | Noticed a green very ugly thing
 12096 | Abyss:2  | Noticed a green ugly thing
 12097 | Abyss:2  | Noticed a green very ugly thing
 12099 | Abyss:2  | Slain by a green ugly thing

Illustrated notes

Levels and vault maps discovered:
D:1:      lightli_arrival_maybe_door_vault, layout_loops_cross
D:2:      layout_basic, serial_bayou_pond_d, minmay_misc_feat_five,
          uniq_terence, uniq_sigmund, uniq_jessica
D:3:      layout_loops_cross, bloody_trog
D:4:      layout_basic
D:5:      layout_cave_pods, serial_shops, shop, st_stairs_7
D:6:      layout_basic, grunt_temple_overflow_open,
          nicolae_gozag_cash_rules_everything_around_me
D:7:      layout_basic, minmay_temple_entry_poolview
D:8:      layout_basic, grunt_temple_overflow_order_and_chaos_2,
          nicolae_ru_awakened_eye
D:9:      layout_stronghold, old_standard_altar, okawaru_gym_becter,
          lemuel_blue_sif_altar, nicolae_overflow_crystal_walls,
          erik_lair_orcish_takeover, serial_column_ruins,
          column_ruins_hut_ruined, column_ruins_hut_ruined,
          column_ruins_columns_corner, column_ruins_open_medium,
          column_ruins_grid_1, column_ruins_corridor_straight,
          column_ruins_grid_1, uniq_erica, uniq_erolcha
Temple:   eino_wide_crystal_templ
Abyss:2:  base: D:4, bh_silent_lugonu_exit, evilmike_abyss_exit_5, base: D:8,
          hangedman_abyss_exit_choices, hangedman_abyss_exit_choices,
          hangedman_abyss_monster_moat

Skill      XL: |  1  2  3  4  5  6  7  8  9 |
---------------+----------------------------+-----
Fighting       | 3 4 5 6 |  6.8
Short Blades   | 3 4 5 6 |  6.7
Throwing       | 3 4 5 6 |  6.0
Dodging        | 2 3 4 |  4.4
Stealth        | 6 7 8 |  8.4
Shields        | 1 2 3 |  3.5
Invocations    | 2 |  2.8

Action                   |  1- 3 |  4- 6 |  7- 9 || total
-------------------------+-------+-------+-------++-------
Melee: Dagger            |    57 |    76 |   446 ||   579
       Constrict         |    13 |    23 |    73 ||   109
       Tentacles         |     8 |    18 |   113 ||   139
Throw: Dart              |       |       |     4 ||     4
       Throwing net      |       |       |     1 ||     1
  Use: Scroll            |       |       |    14 ||    14
 Stab: Sleeping          |    11 |     9 |    27 ||    47
       Distracted        |       |     1 |       ||     1
Armor: Skin              |     6 |     1 |    12 ||    19
Dodge: Dodged            |    37 |    29 |   164 ||   230
Block: Buckler           |       |       |    92 ||    92
